 Dungeon Crawl Stone Soup version 0.19-a0-680-gdf79c29 (webtiles) character file.

192 AlphabetPasta the Cudgeler (level 5, -3/49 HPs)
             Began as a Troll Gladiator on June 16, 2016.
             Slain by Sigmund
             ... wielding a +2 scythe of flaming
              (11 damage)
             ... on level 3 of the Dungeon.
             The game lasted 00:10:35 (2137 turns).

AlphabetPasta the Cudgeler (Troll Gladiator)        Turns: 2137, Time: 00:10:36

Health: -3/49      AC:  6    Str: 24    XL:     5   Next: 42%
Magic:  4/4        EV: 10    Int:  4    God:
Gold:   154        SH:  0    Dex: 10    Spells: 0 memorised, 4 levels left

rFire  . . .     SeeInvis .     a - +0 flail
rCold  . . .     Gourm    +     b - +0 robe
rNeg   . . .     Faith    .     (no shield)
rPois  .         Spirit   .     c - +0 hat
rElec  .         Dismiss  .     r - +0 cloak
rCorr  .         Reflect  .     (gloves unavailable)
SustAt .         Harm     .     (boots unavailable)
MR     .....                    (no amulet)
Stlth  +.........               (no ring)
                                (no ring)

@: confused, not resistant to hostile enchantments, very unstealthy
A: unfitting armour, claws 3, fast metabolism 3, gourmand, regeneration 2,
shaggy fur 1, tough skin 2
a: no special abilities


You were on level 3 of the Dungeon.
You were completely stuffed.

You visited 1 branch of the dungeon, and saw 3 of its levels.

You collected 154 gold pieces.

Inventory:

Hand Weapons
 a - a +0 flail (weapon)
Missiles
 d - 2 throwing nets
 s - 5 javelins (quivered)
Armour
 b - a +0 robe (worn)
 c - a +0 hat (worn)
 r - a +0 cloak (worn)
Jewellery
 o - an uncursed ring of magical power {unknown}
Scrolls
 g - a scroll of remove curse {unknown}
 h - 4 scrolls of identify {unknown}
 k - a scroll of random uselessness {unknown}
 n - 3 scrolls of teleportation {unknown}
 q - a scroll of enchant armour {unknown}
Potions
 e - a potion of might {unknown}
 i - 2 potions of cure mutation {unknown}
 l - a potion of curing {unknown}
 m - a potion of agility {unknown}
 t - a potion of brilliance {unknown}
 u - a potion of heal wounds {unknown}
Comestibles
 f - 2 bread rations
 j - 17 chunks of flesh
 p - a beef jerky


   Skills:
 + Level 1.9 Fighting
 * Level 4.4 Maces & Flails
 + Level 2.9 Throwing
 - Level 3.1 Dodging


You had 4 spell levels left.
You didn't know any spells.

Dungeon Overview and Level Annotations

Branches:
Dungeon (3/15)

Altars:
Ashenzari
Cheibriados
Dithmenos
Hepliaklqana
Uskayaw
Yredelemnul

Annotations:
D:3 Sigmund


Innate Abilities, Weirdness & Mutations

You are too large for most types of armour.
You have claws for hands.
Your metabolism is lightning-fast.
You like to eat raw meat.
You heal very quickly.
You are covered in fur. (AC +1)
You have very tough skin. (AC +2)


Message History

The bat barely misses you.
You barely miss something. The bat hits you.
The bat hits you but does no damage. Something hits you but does no damage.
You miss something. The bat hits you but does no damage.
You hear some strange, mumbled words.
A puff of flame appears from out of thin air!
The puff of flame hits you!
* * * LOW HITPOINT WARNING * * *
The bat barely misses you.
You sock something! The bat hits you but does no damage.
You hear some strange, mumbled words.
You are confused.
You closely miss something. The bat hits you but does no damage.
Something hits you!
* * * LOW HITPOINT WARNING * * *
Something burns you.
* * * LOW HITPOINT WARNING * * *
The bat barely misses you. The bat closely misses you. Something hits you!
You die...

############
...........#
...........#
...........#
...........#
.......@...#############
........b.))))).........
...........#############
..#........#.....#######
. #........'.....+......
##.......#.....#######
##......#.....#
##..####....?# .##.
.....#


You could see a bat.

Vanquished Creatures
  Jessica (D:3)
  Terence (D:3)
  Robin (D:3)
  4 adders
  2 worms (D:2)
  2 dart slugs (D:1)
  A giant gecko (D:1)
  An orc (D:3)
  3 giant cockroaches
  19 goblins
  11 hobgoblins
  4 jackals (D:3)
  A quokka (D:3)
  11 bats
  5 giant newts
  7 kobolds
  3 rats
  A spectral orc (D:3)
78 creatures vanquished.

Notes
Turn   | Place    | Note
--------------------------------------------------------------
     0 | D:1      | AlphabetPasta the Troll Gladiator began the quest for the Orb.
     0 | D:1      | Reached XP level 1. HP: 19/19 MP: 0/0
    33 | D:1      | Reached skill level 3 in Maces & Flails
    38 | D:1      | Reached XP level 2. HP: 16/27 MP: 1/1
   520 | D:1      | Reached XP level 3. HP: 32/33 MP: 2/2
   965 | D:2      | Found a hide-covered altar of Uskayaw.
   968 | D:2      | Found a shadowy altar of Dithmenos.
   971 | D:2      | Found a snail-covered altar of Cheibriados.
   994 | D:2      | Found a hazy altar of Hepliaklqana.
  1087 | D:2      | Found a shattered altar of Ashenzari.
  1340 | D:2      | Reached XP level 4. HP: 41/41 MP: 3/3
  1739 | D:3      | Noticed Terence
  1762 | D:3      | Killed Terence
  1865 | D:3      | Reached skill level 4 in Maces & Flails
  1870 | D:3      | Found a basalt altar of Yredelemnul.
  2026 | D:3      | Noticed Robin
  2032 | D:3      | Reached XP level 5. HP: 46/48 MP: 4/4
  2067 | D:3      | Killed Robin
  2103 | D:3      | Noticed Jessica
  2114 | D:3      | Killed Jessica
  2115 | D:3      | Noticed Sigmund
  2137 | D:3      | Slain by Sigmund

Vault maps used:
D:1:      mrwooster_arrival_statue_2, hex_tiny, minmay_misc_feat_cross,
          st_stairs_1
D:2:      grunt_temple_overflow_cloverleaf, minmay_misc_feat_doors,
          ashenzari_altar_1
D:3:      tso_metal_star, yredelemnul_forgotten_temple_becter, first_bread,
          serial_bayou_lagoon_a, st_stairs_6, uniq_terence, uniq_jessica,
          uniq_robin, uniq_sigmund

Skill      XL: |  1  2  3  4 |
---------------+-------------+-----
Maces & Flails | 3 4 |  4.4
Throwing       | 2 |  2.9
Dodging        | 3 |  3.1
Fighting       | |  1.9

Action                   |  1- 3 |  4- 6 || total
-------------------------+-------+-------++-------
Melee: Flail             |   119 |   129 ||   248
Throw: Throwing net      |     2 |     3 ||     5
       Javelin           |       |     2 ||     2
 Stab: Sleeping          |     1 |       ||     1
  Eat: Chunk             |    18 |     8 ||    26
Armor: Robe              |    53 |    57 ||   110
Dodge: Dodged            |    77 |    76 ||   153
